 Dungeon Crawl Stone Soup version 0.31-a0-819-gf6de2f5ab6 (webtiles) character file.

Game seed: 8710147428000472205

931 Kurtz the Chopper (level 8, 0/54 HPs)
             Began as an Octopode Fighter on Sept 23, 2023.
             Was an Initiate of Gozag.
             Slain by a troll (20 damage)
             ... on level 5 of the Dungeon.
             The game lasted 00:05:00 (4179 turns).

Kurtz the Chopper (Octopode Fighter)                Turns: 4179, Time: 00:05:01

Health: 0/54       AC:  1    Str: 15    XL:     8   Next: 11%
Magic:  17/17      EV: 12    Int: 11    God:    Gozag
Gold:   353        SH:  9    Dex: 13    Spells: 7/7 levels left

rFire   . . .        a - +0 war axe
rCold   . . .        m - +0 kite shield
rNeg    + . .        (helmet restricted)
rPois   .            (no amulet)
rElec   .            p - ring of Vecruluf {rN+ Slay+3 SInv, dont screw this up}
rCorr   .            B - ring of magical power
SInv    +            (no ring)
Will    .....        (no ring)
Stlth   ++           (no ring)
HPRegen 0.29/turn    (no ring)
MPRegen 0.15/turn    (no ring)
                     (no ring)

%: no passive effects
@: no status effects
A: almost no armour, amphibious, 8 rings, camouflage 1, gelatinous body 1,
(nimble swimmer 1), tentacles
a: Renounce Religion, Potion Petition, Call Merchant, Bribe Branch


You were on level 5 of the Dungeon.
You worshipped Gozag.
Gozag was aware of your devotion.
You visited 1 branch of the dungeon, and saw 5 of its levels.

You collected 510 gold pieces.
You spent 128 gold pieces at shops.
You paid 29 gold pieces to Gozag.

Inventory:

Hand Weapons
 a - a +0 war axe (weapon)
 C - a +1 mace of draining
Missiles
 n - 6 poisoned darts
 q - 5 datura-tipped darts (quivered)
 y - 4 silver javelins
Armour
 b - a +0 buckler
 m - a +0 kite shield (worn)
Jewellery
 i - a ring of ice
 p - the ring of Vecruluf (left tentacle) {rN+ Slay+3 SInv, dont screw this up}
   (You found it on level 3 of the Dungeon)

   [ring of see invisible]

   Slay+3:    It affects your accuracy & damage with ranged weapons and melee
   (+3).
   rN+:       It protects you from negative energy.
   SInv:      It lets you see invisible.
 B - a ring of magical power (right tentacle)
Wands
 s - a wand of roots (4)
Scrolls
 d - 4 scrolls of teleportation {unknown}
 e - a scroll of fog {unknown}
 f - a scroll of noise {unknown}
 h - a scroll of enchant armour {unknown}
 l - 5 scrolls of identify {unknown}
 o - a scroll of immolation {unknown}
 t - 3 scrolls of fear {unknown}
 v - a scroll of amnesia {unknown}
 w - a scroll of enchant weapon {unknown}
 A - 2 scrolls of revelation {unknown}
Potions
 c - 2 potions of might
 g - a potion of brilliance {unknown}
 j - a potion of resistance {unknown}
 k - 3 potions of curing {unknown}
 r - 2 potions of heal wounds {unknown}
 u - a potion of magic {unknown}
 x - a potion of attraction {unknown}
 z - a potion of berserk rage {unknown}


   Skills:
 + Level 4.5 Fighting
 * Level 7.3 Axes
 + Level 3.9 Dodging
 * Level 4.6 Shields


You had 7 spell levels left.
You didn't know any spells.
Your spell library contained the following spells:

 Spells                   Type           Power      Damage    Failure   Level
 Apportation              Tloc           0%         N/A       71%         1
 Jinxbite                 Hex            0%         N/A       83%         2
 Alistair's Intoxication  Tmut/Pois      0%         N/A       100%        5


Dungeon Overview and Level Annotations

Branches:
Dungeon (5/15)
 Temple: D:4-7

Altars:
Gozag
Sif Muna

Shops:
D:4 (*   D:5 :

Annotations:
D:4 1 runed translucent door, Crazy Yiuf
D:5 4 runed translucent doors, exclusion: door


Innate Abilities, Weirdness & Mutations

You cannot wear most types of armour.
You are amphibious.
You can wear up to eight rings at the same time.
Your skin changes colour to match your surroundings (Stealth+).
Your rubbery body absorbs attacks. (AC +1, EV +1)
((You are camouflaged when in or above water. (Stealth+)))
You have tentacles for arms and can constrict up to eight enemies at once.


Message History

The ogre is severely wounded.
You block the ogre's attack.
Aiming: Fastroot
Press: ? - help, Shift-Dir - straight line, f - ogre
Aim: an ogre, wielding a +0 giant club (severely wounded)
The roots erupt in riotous growth!
Roots grab the ogre.
Roots grab the troll.
The grasping roots constrict the troll.
The grasping roots constrict the ogre.
The ogre escapes!
The troll struggles to escape constriction.
The grasping roots constrict the troll.
The roots release their grip on the troll.
You barely miss the ogre. You squeeze the ogre.
You kill the ogre!
There is an open door here.
There is an open door here.
There is an open door here.
There is an escape hatch in the ceiling here.
A mysterious force pulls you upwards. The hatch slams shut behind you.
Level annotation: 1 runed translucent door, Crazy Yiuf
There is a stone staircase leading down here.
You climb downwards.
Level annotation: 4 runed translucent doors, exclusion: door
There is a stone staircase leading up here.
A troll is nearby!
The troll shouts!
You see here a +0 spear.
The acid dragon roars!
You see here a +0 spear.
The troll attacks as it pursues you! The troll bites you! The troll claws you.
The troll claws you!
Throw: 6 darts (datura)
Press: ? - help, Q - select action, (/) - cycle Shift-Dir - straight line, f - troll
Aim: a troll (60% to hit, chance to frenzy on hit: 3%)
You throw a datura-tipped dart. The datura-tipped dart hits the troll.
The troll flies into a frenzy!
The troll barely misses you. x2; The troll claws you!
You block the troll's attack. x2; The troll claws you!!
You die...
Your body crumbles into a pile of gold.

#.# #.#### #....#
#.##.############# #
#######.#...........#
####.......#.#########.#
..##.#######.#......<#.#
#.##.# #.#.#######.#
#.##.# #.#..@T.....#
#.##.#######.###########
....................>#
.....#######.#######.#
.##### #.# #.# .####
#.#######.# ....#
#.........# ###.#
#########'### ..#.#
#.........#


You could see a neutral troll (fast, strong, frenzied).

Vanquished Creatures
  A black bear (D:5)
  An ogre (D:5)
  2 phantoms
  Blork the orc (D:4)
  A bullfrog (D:4)
  A scorpion (D:5)
  3 hounds
  2 sleepcaps (D:5)
  3 iguanas
  9 adders
  A white imp (D:5)
  2 ufetubi (D:5)
  2 worms
  3 dart slugs
  7 orcs
  12 endoplasms
  3 giant cockroaches
  3 goblins
  8 hobgoblins
  4 jackals (D:4)
  2 quokkas (D:2)
  9 ball pythons
  5 bats
  5 kobolds
  3 rats
93 creatures vanquished.

Notes
Turn   | Place    | Note
-------+----------+-------------------------------------------
     0 | D:1      | Kurtz the Octopode Fighter began the quest for the Orb.
     0 | D:1      | Reached XP level 1. HP: 16/16 MP: 1/1
   167 | D:1      | Reached XP level 2. HP: 21/21 MP: 2/2
   562 | D:2      | Reached XP level 3. HP: 26/26 MP: 3/3
   592 | D:2      | Reached skill level 3 in Axes
   980 | D:2      | Reached XP level 4. HP: 33/33 MP: 4/4
  1149 | D:3      | Found a shimmering blue altar of Sif Muna.
  1402 | D:3      | Found an opulent altar of Gozag.
  1578 | D:3      | Became a worshipper of Gozag Ym Sagoz the Greedy
  1659 | D:3      | Identified the ring of Vecruluf {rN+ Slay+3 SInv}
  1699 | D:3      | Reached skill level 4 in Axes
  1881 | D:4      | Found Weunug's Assorted Antiques.
  1957 | D:4      | Bought a forked ivory wand for 128 gold pieces
  2009 | D:4      | Noticed Blork the orc
  2016 | D:4      | Reached XP level 5. HP: 31/37 MP: 5/5
  2046 | D:4      | Killed Blork the orc
  2047 | D:4      | Reached skill level 5 in Axes
  2120 | D:4      | Found Ycvi's Antique Weapon Shoppe.
  2184 | D:4      | Noticed a phantom
  2201 | D:4      | Killed a phantom
  2202 | D:4      | Reached XP level 6. HP: 17/43 MP: 6/6
  2590 | D:4      | Found a runed translucent door.
  2591 | D:4      | Noticed Crazy Yiuf
  2863 | D:5      | Entered Level 5 of the Dungeon
  2923 | D:5      | Found Caigynad's Tiny Tomes.
  2959 | D:5      | Found a large runed translucent door.
  2959 | D:5      | Found a large runed translucent door.
  2982 | D:5      | Reached skill level 6 in Axes
  2982 | D:5      | Reached XP level 7. HP: 45/48 MP: 7/7
  3524 | D:5      | Found a large runed translucent door.
  3524 | D:5      | Found a large runed translucent door.
  3634 | D:5      | Reached skill level 7 in Axes
  3704 | D:5      | Reached XP level 8. HP: 54/54 MP: 8/8
  3984 | D:5      | Noticed a troll
  4179 | D:5      | Slain by a troll

Illustrated notes

Levels and vault maps discovered:
D:1:      dpeg_arrival_simpleton_a, layout_rooms, serial_forest,
          infiniplex_forest_clump_double, infiniplex_forest_clump_medium,
          infiniplex_forest_clump_C, infiniplex_forest_straight_4,
          infiniplex_forest_lined_3, infiniplex_forest_clump_medium,
          infiniplex_forest_end_2, infiniplex_forest_straight_5,
          infiniplex_forest_clump_small, infiniplex_forest_lined_ring
D:2:      layout_basic
D:3:      layout_loops_ring, mainiacjoe_overflow_concentric_impassable,
          mainiacjoe_overflow_surrounded_room
D:4:      layout_cave_pools, serial_shops, nicolae_shop_tiny_statue_garden,
          kennysheep_mini_moat, supply_closet_lemuel, uniq_crazy_yiuf_cottage,
          uniq_blork_the_orc
D:5:      layout_basic, nicolae_shop_i_like_small_books_too,
          minmay_hollow_rounded_squares

Skill      XL: |  1  2  3  4  5  6  7 |
---------------+----------------------+-----
Axes           | 3 4 5 6 7 |  7.3
Fighting       | 4 |  4.5
Shields        | 4 |  4.6
Dodging        | |  3.9

Action                     |  1- 3 |  4- 6 |  7- 9 || total
---------------------------+-------+-------+-------++-------
  Melee: War axe           |    81 |    93 |    43 ||   217
         Tentacles         |    18 |    23 |    16 ||    57
         Punch             |     3 |     5 |       ||     8
         Constrict         |     5 |    23 |    11 ||    39
         Mace              |       |       |     8 ||     8
  Throw: Dart              |       |       |     1 ||     1
  Evoke: Wand              |       |     1 |     1 ||     2
   Stab: Sleeping          |     6 |     6 |     1 ||    13
 Armour: Skin              |     7 |    33 |    31 ||    71
  Dodge: Dodged            |    15 |    51 |    28 ||    94
  Block: Buckler           |     4 |     2 |       ||     6
         Kite shield       |       |    34 |    24 ||    58

Table legend: (Time is in decaauts)
 A = Elapsed time spent in this place.
 B = Non-inter-level travel time spent in this place.
 C = Inter-level travel time spent in this place.
 D = Time resting spent in this place.
 E = Time spent auto-exploring this place.
 F = Levels seen in this place.
 G = Mean time per level.
                   A        B        C        D        E       F      G
               +--------+--------+--------+--------+--------+-----+--------+
         Total |   4274 |   4060 |    214 |    547 |   2593 |   5 |  854.8 |
       Dungeon |   4274 |   4060 |    214 |    547 |   2593 |   5 |  854.8 |
               +--------+--------+--------+--------+--------+-----+--------+

Top non-repeatable levels by time:
     D:5: 1321 daAuts
     D:4: 1026 daAuts
     D:3: 766 daAuts
     D:2: 600 daAuts
     D:1: 559 daAuts
